 Dungeon Crawl Stone Soup version 0.32-a0-433-g08bcfe7efd (webtiles) character file.

Game seed: 15975834731646451263

18790 CougarLife the Destroyer (level 12, -2/75 HPs)
             Began as a Gargoyle Earth Elementalist on Feb 23, 2024.
             Was an Elder of Vehumet.
             Slain by a red ugly thing (8 damage)
             ... on level 11 of the Dungeon.
             The game lasted 00:18:26 (12952 turns).

CougarLife the Destroyer (GrEE)                    Turns: 12952, Time: 00:18:27

Health: -2/75      AC: 13    Str: 14    XL:     12   Next: 62%
Magic:  5/25       EV: 11    Int: 25    God:    Vehumet [****..]
Gold:   794        SH:  0    Dex: 10    Spells: 26/30 levels left

rFire   + . .        G - +2 dagger (venom)
rCold   . . .        (no shield)
rNeg    + . .        a - +0 robe
rPois   ∞            E - +0 helmet
rElec   +            (no cloak)
rCorr   .            o - +0 pair of gloves
SInv    .            f - +0 pair of boots
Will    .....        A - amulet of regeneration
Stlth   ++           n - ring of protection from fire
HPRegen 1.12/turn    j - +6 ring of intelligence
MPRegen 0.19/turn

%: no passive effects
@: about to teleport
A: sickness immunity, AC +8, negative energy resistance 1, electricity
resistance, torment resistance 1, petrification resistance
a: Renounce Religion


You were on level 11 of the Dungeon.
You worshipped Vehumet.
Vehumet was greatly pleased with you.
You visited 2 branches of the dungeon, and saw 12 of its levels.

You collected 794 gold pieces.

Inventory:

Hand Weapons
 G - a +2 dagger of venom (weapon)
Missiles
 b - 5 curare-tipped darts
 F - a throwing net
Armour
 a - a +0 robe (worn)
 f - a +0 pair of boots (worn)
 o - a +0 pair of gloves (worn)
 E - a +0 helmet (worn)
Jewellery
 j - a +6 ring of intelligence (right hand)
 n - a ring of protection from fire (left hand)
 y - an amulet of reflection
 A - an amulet of regeneration (around neck)
Wands
 s - a wand of polymorph (15)
 D - a wand of flame (51)
 J - a wand of roots (8)
 N - a wand of paralysis (8)
Scrolls
 c - 2 scrolls of torment {unknown}
 d - 3 scrolls of amnesia {unknown}
 e - 10 scrolls of identify {unknown}
 g - 3 scrolls of noise {unknown}
 i - 2 scrolls of revelation {unknown}
 t - 2 scrolls of teleportation
 u - a scroll of enchant armour {unknown}
 B - 3 scrolls of immolation
 H - a scroll of enchant weapon {unknown}
 I - a scroll of fear {unknown}
 K - 5 scrolls of fog {unknown}
 L - a scroll of butterflies {unknown}
 M - 4 scrolls of vulnerability {unknown}
Potions
 h - 5 potions of curing
 k - 2 potions of brilliance {unknown}
 l - 3 potions of degeneration {unknown}
 m - a potion of enlightenment {unknown}
 p - 4 potions of heal wounds {unknown}
 q - 4 potions of might {unknown}
 r - 2 potions of berserk rage {unknown}
 v - 2 potions of invisibility {unknown}
 w - 2 potions of ambrosia {unknown}
 x - a potion of haste {unknown}
 z - a potion of mutation {unknown}
 C - a potion of resistance {unknown}
 O - a potion of cancellation {unknown}


   Skills:
 + Level 8.5 Fighting
 - Level 1.5 Dodging
 - Level 2.1 Stealth
 + Level 9.9 Spellcasting
 + Level 11.4 Conjurations
 - Level 7.1 Air Magic
 + Level 10.8 Earth Magic


You had 26 spell levels left.
You knew the following spells:

 Your Spells              Type           Power      Damage    Failure   Level
a - Sandblast             Erth           100%       2d20      1%          1
b - Stone Arrow           Conj/Erth      100%       3d13      1%          3

Your spell library contained the following spells:

 Spells                   Type           Power      Damage    Failure   Level
 Mephitic Cloud           Conj/Alch/Air  43%        N/A       1%          3
 Sting                    Conj/Alch      100%       1d9       1%          1
 Momentum Strike          Conj/Tloc      82%        3d10      1%          2
 Passwall                 Erth           61%        N/A       1%          3
 Brom's Barrelling Bould  Conj/Erth      62%        2d8       1%          4
 Apportation              Tloc           24%        N/A       4%          1
 Necrotise                Necr           48%        1d6       4%          1
 Summon Small Mammal      Summ           48%        N/A       4%          1
 Petrify                  Alch/Erth      39%        N/A       5%          4
 Blink                    Tloc           24%        N/A       8%          2
 Lesser Beckoning         Tloc           24%        N/A       8%          2
 Fugue of the Fallen      Necr           12%        N/A       16%         3
 Ozocubu's Armour         Ice            12%        N/A       16%         3
 Manifold Assault         Tloc           12%        N/A       45%         4


Dungeon Overview and Level Annotations

Branches:
Dungeon (11/15)            Temple (1/1) D:5            Lair (0/5) D:8
    Orc: D:9-12

Altars:
Ashenzari
Cheibriados
Dithmenos
Elyvilon
Fedhas
Gozag
Hepliaklqana
Kikubaaqudgha
Makhleb
Nemelex Xobeh
Okawaru
Qazlal
Ru
Sif Muna
Trog
Uskayaw
Vehumet
Wu Jian
Xom
Yredelemnul
Zin
The Shining One
Beogh

Shops:
D:2 (


Innate Abilities, Weirdness & Mutations

You are immune to sickness and miasma.
Your stone body is resilient. (AC +8)
You are immune to poison.
You resist negative energy. (rN+)
You are resistant to electric shocks. (rElec)
You are resistant to unholy torment.
You are immune to petrification.


Message History

Your unstable footing causes you to fumble your attack.
The orc knight hits you with a +0 great sword!
* * * LOW HITPOINT WARNING * * *
Casting: Stone Arrow (safe; 1% risk of failure)
Confirm with . or Enter, or press ? or * to list all spells.
You don't have enough magic to cast this spell.
Unknown command.
Casting: Stone Arrow (safe; 1% risk of failure)
Confirm with . or Enter, or press ? or * to list all spells.
Aiming: Sandblast (safe; 1% risk of failure)
Press: ? - help, Shift-Dir - straight line, f - orc knight
Aim: an orc knight, wielding a +0 great sword, wearing a +0 plate armour and quivering stones (85% to hit)
The blast of sand hits the orc knight but does no damage.
The acid dragon bites you but does no damage.
The acid dragon claws you but does no damage.
The orc knight hits you with a +0 great sword.
* * * LOW HITPOINT WARNING * * *
The acid dragon bites you.
* * * LOW HITPOINT WARNING * * *
The acid dragon barely misses you.
The orc knight hits you with a +0 great sword.
* * * LOW HITPOINT WARNING * * *
Your surroundings suddenly seem different.
You start resting.
A red ugly thing is nearby!
A red ugly thing is nearby!
A red ugly thing is nearby!
Found a stone staircase leading down.
The red ugly thing trunk-slaps you!
* * * LOW HITPOINT WARNING * * *
You are engulfed in flames!
You resist.
* * * LOW HITPOINT WARNING * * *
As you read the scroll of teleportation, it crumbles to dust.
You feel strangely unstable. The red ugly thing trunk-slaps you.
* * * LOW HITPOINT WARNING * * *
You are engulfed in flames!
You resist.
* * * LOW HITPOINT WARNING * * *
The red ugly thing attacks as it pursues you!
The red ugly thing trunk-slaps you!
You die...

#..........>.......
#.................
############..<).............
...............#.............
...>...........####......#$..
###......####### .<......###
....#.....# #........#
.####.....# ####.........# ##
#.....#####u@...........
#.....##....##.........
#........#### .......
#.....#### .... #.....# ###
#.....# #.....# #######


You could see a red ugly thing.

Vanquished Creatures
  2 boulder beetles (D:11)
  2 two-headed ogres
  Urug (D:11)
  A soul eater (D:9)
  A sixfirhy (D:10)
  An orc knight (D:11)
  An ugly thing (D:9)
  Pikel (D:4)
  2 cyclopes (D:11)
  2 manticores (D:11)
  A rust devil (D:10)
  The ghost of audacious124 the Cudgeller, a novice MDFi (D:5)
  A gargoyle (D:11)
  3 kobold demonologists
  A rime drake (D:8)
  An ice devil (D:10)
  A red devil (D:10)
  Grinder (D:3)
  2 trolls (D:11)
  Prince Ribbit (D:7)
  A hornet (D:8)
  2 polar bears (D:8)
  A vampire (D:10)
  16 yaks
  A steam dragon (D:6)
  2 vampire mosquitoes (D:11)
  An acid dragon (D:11)
  A water moccasin (shapeshifter) (D:11)
  A water moccasin (D:6)
  Duvessa (D:4)
  8 orc warriors
  4 ice beasts
  4 centaurs
  2 ogres
  A wolf (D:8)
  4 lemures (D:4)
  2 phantoms
  5 kobold brigands
  4 bullfrogs
  3 gnoll sergeants (D:6)
  A scorpion (D:3)
  8 wights
  Dowan (D:4)
  9 killer bees
  9 howler monkeys
  2 jellies
  A quasit (D:10)
  4 orc priests
  A bombardier beetle (D:6)
  2 gnoll boudas
  4 hounds
  A sleepcap (D:4)
  Terence (D:3)
  2 iguanas
  9 orc wizards
  13 gnolls
  4 adders
  A shadow imp (D:7)
  3 white imps
  An ufetubus (D:5)
  4 dart slugs
  54 orcs
  6 ball pythons
  4 endoplasms
  6 goblins
  14 hobgoblins
  12 jackals
  3 quokkas
  7 bats
  A frilled lizard (D:1)
  30 kobolds
  6 rats
315 creatures vanquished.

Notes
Turn   | Place    | Note
-------+----------+-------------------------------------------
     0 | D:1      | CougarLife the Gargoyle Earth Elementalist began the quest
                  | for the Orb.
     0 | D:1      | Reached XP level 1. HP: 10/10 MP: 3/3
   239 | D:1      | Reached XP level 2. HP: 15/15 MP: 1/5
   967 | D:1      | Reached XP level 3. HP: 19/19 MP: 3/6
  1062 | D:1      | Reached skill level 2 in Conjurations
  1390 | D:2      | Reached XP level 4. HP: 13/24 MP: 1/8
  1623 | D:2      | Found Osoimeil's Antique Weapon Emporium.
  1769 | D:2      | Found a faded altar of an unknown god.
  2175 | D:2      | Found a shimmering blue altar of Sif Muna.
  2500 | D:3      | Reached skill level 3 in Conjurations
  2500 | D:3      | Reached XP level 5. HP: 27/28 MP: 4/9
  2577 | D:3      | Noticed Terence
  2587 | D:3      | Killed Terence
  2588 | D:3      | Reached skill level 5 in Earth Magic
  2665 | D:3      | Learned a level 3 spell: Stone Arrow
  2983 | D:3      | Noticed Grinder
  2987 | D:3      | Paralysed by Grinder for 5 turns
  2997 | D:3      | Killed Grinder
  2998 | D:3      | Reached skill level 4 in Conjurations
  2998 | D:3      | Reached XP level 6. HP: 15/32 MP: 3/12
  3483 | D:4      | Reached XP level 7. HP: 30/36 MP: 7/13
  3678 | D:4      | Noticed Duvessa
  3680 | D:4      | Noticed Dowan
  3682 | D:4      | Killed Duvessa
  3779 | D:3      | Reached skill level 5 in Conjurations
  3817 | D:4      | Killed Dowan
  4034 | D:4      | Noticed Pikel
  4078 | D:4      | Killed Pikel
  4079 | D:4      | Reached skill level 5 in Spellcasting
  4079 | D:4      | Reached skill level 6 in Conjurations
  4079 | D:4      | Reached XP level 8. HP: 41/41 MP: 6/16
  4294 | D:5      | Entered Level 5 of the Dungeon
  4446 | D:5      | Found a staircase to the Ecumenical Temple.
  4475 | Temple   | Entered the Ecumenical Temple
  4485 | Temple   | Became a worshipper of Vehumet
  4990 | D:5      | Found a runed translucent door.
  4991 | D:5      | Noticed audacious124's ghost (novice MDFi)
  4994 | D:5      | Noticed a kobold demonologist
  5140 | D:5      | Killed a kobold demonologist
  5147 | D:5      | Killed audacious124's ghost
  5148 | D:5      | Reached skill level 7 in Conjurations
  5148 | D:5      | Reached XP level 9. HP: 12/45 MP: 3/18
  5152 | D:5      | Identified the amulet "Poenlij" {Faith Str+5}
  5641 | D:6      | Reached * piety under Vehumet
  5641 | D:6      | Offered knowledge of Magic Dart by Vehumet.
  5905 | D:6      | Reached skill level 1 in Fighting
  5905 | D:6      | Reached skill level 1 in Air Magic
  6386 | D:6      | Reached skill level 8 in Conjurations
  6904 | D:7      | Reached XP level 10. HP: 55/55 MP: 20/20
  6910 | D:7      | Offered knowledge of Freeze by Vehumet.
  6913 | D:7      | Reached ** piety under Vehumet
  7165 | D:7      | Found a hazy altar of Hepliaklqana.
  7290 | D:7      | Noticed Prince Ribbit
  7295 | D:7      | Killed Prince Ribbit
  7794 | D:8      | Offered knowledge of Dazzling Flash by Vehumet.
  8068 | D:8      | Reached skill level 9 in Conjurations
  8070 | D:8      | Reached skill level 5 in Air Magic
  8172 | D:8      | Found an ornate altar of the Wu Jian Council.
  8173 | D:8      | Found a hide-covered altar of Uskayaw.
  8247 | D:8      | Found a staircase to the Lair.
  8437 | D:8      | Reached *** piety under Vehumet
  8777 | D:9      | Reached skill level 5 in Fighting
  9123 | D:9      | Offered knowledge of Frozen Ramparts by Vehumet.
  9128 | D:9      | Reached XP level 11. HP: 63/63 MP: 19/23
  9352 | D:9      | Found a sparkling altar of Nemelex Xobeh.
  9527 | D:9      | Noticed a purple ugly thing
  9534 | D:9      | Killed a purple ugly thing
  9672 | D:10     | Entered Level 10 of the Dungeon
  9713 | D:10     | Noticed a soul eater
  9759 | D:9      | Killed a soul eater
 10148 | D:10     | Reached **** piety under Vehumet
 10225 | D:10     | Offered knowledge of Mephitic Cloud by Vehumet.
 10226 | D:10     | Noticed a sixfirhy
 10228 | D:10     | Killed a sixfirhy
 10229 | D:10     | Reached skill level 10 in Conjurations
 10428 | D:10     | Noticed a two-headed ogre
 10431 | D:10     | Killed a two-headed ogre
 10928 | D:11     | Noticed a two-headed ogre
 10999 | D:11     | Killed a two-headed ogre
 11065 | D:11     | Noticed a manticore
 11070 | D:11     | Killed a manticore
 11071 | D:11     | Reached XP level 12. HP: 45/72 MP: 15/25
 11095 | D:11     | Noticed a boulder beetle
 11106 | D:11     | Killed a boulder beetle
 11224 | D:11     | Noticed a boulder beetle
 11245 | D:11     | Killed a boulder beetle
 11372 | D:10     | Reached skill level 10 in Earth Magic
 11800 | D:11     | Reached skill level 11 in Conjurations
 12048 | D:11     | Found a roughly hewn altar of Beogh.
 12094 | D:11     | Noticed Urug
 12103 | D:11     | Killed Urug
 12246 | D:11     | Noticed a boulder beetle
 12789 | D:11     | HP: 3/74 [manticore/volley of spikes (10)]
 12950 | D:11     | HP: 3/75 [red ugly thing (7)]
 12952 | D:11     | Slain by a red ugly thing

Illustrated notes

Levels and vault maps discovered:
D:1:      lightli_arrival_windingriver, layout_basic, serial_bayou_pond_e,
          st_stairs_9
D:2:      layout_basic, serial_shops, shop, basic_altar,
          shapermc_ecumenical_altar_mp_ritualfount, corexii_shack
D:3:      layout_loops_ring, dreamdust_princess_corridor, uniq_terence,
          uniq_grinder
D:4:      layout_rooms, st_stairs_3, grunt_ministairs_10, uniq_duvessa,
          uniq_pikel
D:5:      kennysheep_spiral_hall, layout_loops_ring,
          minmay_temple_entry_gardened_gates, ebering_ghost_inner_flame
D:6:      kennysheep_housing_project, layout_loops_cross
D:7:      layout_rooms, mainiacjoe_overflow_catwalk, uniq_prince_ribbit1
D:8:      layout_basic, chequers_temple_overflow_statue_of_worship,
          hellmonk_lair_entry_icy
D:9:      layout_loops_ring, mainiacjoe_overflow_paths
D:10:     layout_roguey, serial_demonic, serial_demonic_b, serial_demonic_b,
          serial_demonic_b, serial_demonic_a, solitary_fountain,
          minmay_misc_feat_ornament
D:11:     nzn_winding_woodlands_medium [nzn_winding_woodlands_5x5_closed_star,
          nzn_winding_woodlands_5x15_longhouse,
          nzn_winding_woodlands_5x5_checkerboard,
          nzn_winding_woodlands_5x5_perimeter,
          nzn_winding_woodlands_center_triple_pond,
          nzn_winding_woodlands_5x5_default,
          nzn_winding_woodlands_5x5_open_star,
          nzn_winding_woodlands_5x15_river_crossing,
          nzn_winding_woodlands_5x5_cross], layout_rooms,
          lightli_church_of_beogh, uniq_urug
Temple:   mainiacjoe_temple_coin_purse

Skill      XL: |  1  2  3  4  5  6  7  8  9 10 11 12 |
---------------+-------------------------------------+-----
Earth Magic    | 4 5 6 7 8 9 10 | 10.8
Conjurations   | 2 3 4 6 7 8 9 10 11 | 11.4
Spellcasting   | 3 4 5 6 7 8 9 |  9.9
Fighting       | 2 5 7 8 |  8.5
Air Magic      | 3 5 7 |  7.1
Dodging        | |  1.5
Stealth        | |  2.1

Action                     |  1- 3 |  4- 6 |  7- 9 | 10-12 || total
---------------------------+-------+-------+-------+-------++-------
  Melee: Unarmed           |     7 |     2 |       |       ||     9
         Dagger            |       |    10 |     4 |    10 ||    24
   Cast: Sandblast         |    33 |    82 |   102 |   190 ||   407
         Stone Arrow       |       |       |    37 |   182 ||   219
    Use: Potion            |       |       |     1 |     3 ||     4
         Scroll            |       |       |       |     5 ||     5
 Armour: Robe              |     9 |    42 |    69 |   187 ||   307
  Dodge: Dodged            |    14 |    40 |    40 |   119 ||   213

Table legend: (Time is in decaauts)
 A = Elapsed time spent in this place.
 B = Non-inter-level travel time spent in this place.
 C = Inter-level travel time spent in this place.
 D = Time resting spent in this place.
 E = Time spent auto-exploring this place.
 F = Levels seen in this place.
 G = Mean time per level.
                   A        B        C        D        E       F      G
               +--------+--------+--------+--------+--------+-----+--------+
         Total |  13166 |  12635 |    531 |   3713 |   6367 |  12 | 1097.2 |
       Dungeon |  13144 |  12621 |    523 |   3713 |   6367 |  11 | 1194.9 |
        Temple |     22 |     14 |      8 |      0 |      0 |   1 |   22.0 |
               +--------+--------+--------+--------+--------+-----+--------+

Top non-repeatable levels by time:
    D:11: 1684 daAuts
    D:10: 1576 daAuts
     D:1: 1476 daAuts
     D:6: 1435 daAuts
     D:3: 1147 daAuts
     D:7: 1083 daAuts
     D:9: 1029 daAuts
     D:5: 996 daAuts
     D:2: 988 daAuts
     D:8: 964 daAuts
     D:4: 761 daAuts
  Temple: 22 daAuts
